 Dungeon Crawl Stone Soup version 0.17.1-2-g5865329 (webtiles) character file.

19490 Metrazal the Spry (level 12, -21/53 HPs)
             Began as a Spriggan Assassin on Jan 9, 2016.
             Demolished by a phantasmal warrior (29 damage)
             ... on level 11 of the Dungeon on Jan 10, 2016.
             The game lasted 05:54:52 (22881 turns).

Metrazal the Spry (Spriggan Assassin)              Turns: 22881, Time: 05:54:54

Health: -21/53     AC:  3    Str:  7    XL:     12   Next: 37%
Magic:  0/23       EV: 36    Int: 13    God:
Gold:   437        SH:  0    Dex: 22    Spells: 1 memorised, 23 levels left

rFire  x . .     SeeInvis +     q - +1 hunting sling
rCold  + . .     Clarity  .     c - +0 robe
rNeg   . . .     SustAt   .     (shield restricted)
rPois  .         Gourm    .     j - +0 hat
rElec  .         Spirit   +     d - +0 cloak
rCorr  .         Warding  .     (gloves unavailable)
rMut   .         Stasis   .     (boots unavailable)
MR     +....                    x - amulet of guardian spirit
Stlth  ++++......               h - +1 ring of slaying
                                y - ring of ice

@: vulnerable, very quick, somewhat resistant to hostile enchantments, stealthy
A: unfitting armour, see invisible, herbivore 3, speed 3, slow metabolism 2
a: no special abilities


You were on level 11 of the Dungeon.
You were not hungry.

You visited 2 branches of the dungeon, and saw 14 of its levels.

You collected 725 gold pieces.
You spent 288 gold pieces at shops.

Inventory:

Hand Weapons
 b - a +0 blowgun
 q - a +1 hunting sling (weapon)
 w - a +2 rapier of venom
Missiles
 a - 45 sling bullets of flame (quivered)
 e - 23 poisoned needles
 f - 6 curare-tipped needles
 k - 418 stones
 s - 29 sling bullets
 D - a poisoned tomahawk
 P - 11 exploding sling bullets
Armour
 c - a +0 robe (worn)
 d - a +0 cloak (worn)
 j - a +0 hat (worn)
Jewellery
 h - a +1 ring of slaying (right hand)
 l - an uncursed ring of teleportation
 x - an amulet of guardian spirit (around neck)
 y - a ring of ice (left hand)
 G - an uncursed ring of stealth
 J - an uncursed amulet of clarity
Wands
 i - a wand of disintegration (0)
 v - a wand of lightning (3)
 C - a wand of frost (20)
 L - a wand of disintegration (9)
 N - a wand of paralysis (14)
 Y - a wand of digging (12)
 Z - a wand of draining (8)
Scrolls
 m - a scroll of recharging
 o - 6 scrolls of remove curse
 r - 2 scrolls of enchant armour
 t - 4 scrolls of teleportation
 u - 3 scrolls of fear
 A - 2 scrolls of identify
 S - a scroll of magic mapping
Potions
 p - a potion of invisibility
 z - a potion of resistance
 F - 3 potions of agility
 I - 3 potions of brilliance
 K - a potion of haste
 M - 3 potions of flight
 Q - a potion of cancellation
Books
 E - a book of Callings

   Spells                             Type                      Level
   a - Summon Small Mammal            Summoning                    1
   b - Call Imp                       Summoning                    2
   c - Call Canine Familiar           Summoning                    3
   d - Summon Guardian Golem          Hexes/Summoning              3
   e - Summon Lightning Spire         Summoning/Air                4
   f - Summon Ice Beast               Ice/Summoning                4
 H - a book of Battle

   Spells                             Type                      Level
   a - Infusion                       Charms                       1
   b - Shroud of Golubria             Charms/Translocation         2
   c - Song of Slaying                Charms                       2
   d - Spectral Weapon                Hexes/Charms                 3
   e - Regeneration                   Charms/Necromancy            3
 U - a book of Beasts

   Spells                             Type                      Level
   a - Summon Butterflies             Summoning                    1
   b - Call Canine Familiar           Summoning                    3
   c - Summon Ice Beast               Ice/Summoning                4
   d - Summon Mana Viper              Hexes/Summoning              5
   e - Summon Hydra                   Summoning                    7
 W - a book of Alchemy

   Spells                             Type                      Level
   a - Sublimation of Blood           Necromancy                   2
   b - Ignite Poison                  Fire/Transmutation/Poison    3
   c - Alistair's Intoxication        Transmutation/Poison         4
   d - Condensation Shield            Ice                          4
   e - Petrify                        Transmutation/Earth          4
   f - Irradiate                      Conjuration/Transmutation    5
Comestibles
 g - 8 bread rations
 n - 3 fruits
 B - 11 royal jellies


   Skills:
 - Level 1.5 Fighting
 - Level 2.1 Short Blades
 - Level 15.9(16.0) Slings
 - Level 2.2(9.4) Throwing
 + Level 17.2 Dodging
 - Level 5.8 Stealth
 - Level 7.2 Spellcasting
 - Level 3.1 Summonings


You had 23 spell levels left.
You knew the following spells:

 Your Spells              Type           Power        Failure   Level  Hunger
a - Call Imp              Summ           ##......     10%         2    #......


Dungeon Overview and Level Annotations

Branches:
Dungeon (12/15)            Temple (0/1) D:7            Lair (2/8) D:9
    Orc (0/4) D:11

Altars:
Ashenzari
Cheibriados
Kikubaaqudgha
Qazlal
Sif Muna
Trog
Xom
Yredelemnul

Shops:
D:4 (   D:5 *?%

Annotations:
Lair:1 exclusion: 2 oklob plants


Innate Abilities, Weirdness & Mutations

You are tiny and cannot use many weapons and most armour.
You have supernaturally acute eyesight.
You are a herbivore.
You cover ground extremely quickly.
You need consume almost no food.


Message History

You shoot a sling bullet of flame.
The sling bullet of flame hits the phantasmal warrior but does no damage.
The sling bullet of flame burns the phantasmal warrior.
The phantasmal warrior is severely damaged.
The phantasmal warrior closely misses you.
Firing (i - inventory. (,) - cycle):
a - 47 sling bullets of flame (quivered)
Press: ? - help, Shift-Dir - straight line, f/p - phantasmal warrior
Aim: a phantasmal warrior (severely damaged)
You shoot a sling bullet of flame.
The sling bullet of flame closely misses the phantasmal warrior.
Firing (i - inventory. (,) - cycle):
a - 46 sling bullets of flame (quivered)
Press: ? - help, Shift-Dir - straight line, f/p - phantasmal warrior
Aim: a phantasmal warrior (severely damaged)
You shoot a sling bullet of flame.
The sling bullet of flame hits the phantasmal warrior but does no damage.
The sling bullet of flame burns the phantasmal warrior.
The phantasmal warrior is severely damaged.
The phantasmal warrior hits you!!
Ouch! That really hurt!
You die...

......#######.#...#
......#...#...#...######
......#...#.......##...#
..#####...#.......##.#.#
..........#.......##.#.#
.[........#...#..###.#.#
###########...#..###.#.#
#...#W.#...#.#
####...#.@#.###.#
#......#..#.# #.#
#.##.###..#.###.#
#..#.####>......#
##.#...#(...#...#
####### #.###.#.#..#.#.#
.....)# #.# #...#....#.#
#..##.# #.# #####.####.#
#..##.# #.###..........#


You could see a phantasmal warrior.

Vanquished Creatures
  Fannar (D:11)
  Harold (D:10)
  A centaur warrior (D:12)
  2 hydras (D:11)
  The ghost of SirMumm the Thaumaturge, a novice DEWz of Vehumet (D:7)
  3 ugly things
  2 hill giants
  2 cyclopes
  A manticore (D:12)
  2 spiny frogs
  4 komodo dragons
  A freezing wraith (D:12)
  2 two-headed ogres
  Prince Ribbit (D:9)
  A vampire (D:12)
  A trapdoor spider zombie (D:10)
  9 yaks
  2 deep elf magi (D:9)
  A water elemental (D:11)
  A wraith (D:10)
  A hill giant zombie (D:11)
  A hippogriff (D:8)
  5 hungry ghosts
  A wyvern (D:9)
  Menkaure (D:6)
  A soldier ant (D:8)
  A water moccasin (Lair:2)
  3 ice beasts
  2 porcupines
  Duvessa (D:6)
  An orc warrior (D:9)
  5 sky beasts
  4 ogres
  A swamp drake (D:9)
  4 phantoms
  A wasp (D:8)
  A centaur (D:7)
  A necrophage (D:9)
  3 big kobolds
  3 boggarts (D:10)
  4 crocodiles
  6 giant frogs
  A gnoll sergeant (D:11)
  Dowan (D:6)
  A wyvern skeleton (D:7)
  2 scorpions
  A troll zombie (D:11)
  7 killer bees
  15 wights
  2 quasits
  5 crimson imps
  2 giant frog zombies
  4 jellies
  9 hounds
  A centaur zombie (D:8)
  A gnoll shaman (D:7)
  5 orc priests
  A giant frog skeleton (D:8)
  6 iguanas
  8 orc wizards
  7 worker ants
  A killer bee zombie (D:6)
  3 sheep (D:11)
  6 ogre zombies (D:11)
  A hound zombie (D:7)
  2 hound skeletons
  7 gnolls
  17 adders
  3 shadow imps
  An ooze (D:7)
  4 adder skeletons
  4 worms
  51 orcs
  6 giant cockroaches
  7 goblins
  10 hobgoblins
  7 jackals
  6 quokkas
  A ball python (D:3)
  8 bats
  6 giant geckos
  7 giant newts
  2 goblin skeletons (D:11)
  3 goblin zombies (D:11)
  3 hobgoblin zombies (D:11)
  A jackal skeleton (D:6)
  A jackal zombie (D:8)
  22 kobolds
  3 orc skeletons (D:11)
  14 orc zombies (D:11)
  7 rats
  4 plants (D:3)
387 creatures vanquished.

Vanquished Creatures (collateral kills)
  A worker ant (D:5)
  An orc (D:5)
2 creatures vanquished.

Vanquished Creatures (others)
  A centaur (D:5)
  A hound (D:5)
  A worker ant (D:5)
  2 orcs (D:5)
  A fungus (Lair:2)
6 creatures vanquished.

Grand Total: 395 creatures vanquished

Notes
Turn   | Place    | Note
--------------------------------------------------------------
     0 | D:1      | Metrazal the Spriggan Assassin began the quest for the Orb.
     0 | D:1      | Reached XP level 1. HP: 10/10 MP: 2/2
   263 | D:1      | Reached skill level 1 in Spellcasting
   279 | D:1      | Reached XP level 2. HP: 14/14 MP: 2/4
   940 | D:1      | Reached XP level 3. HP: 7/18 MP: 7/7
  1428 | D:2      | Found a faded altar to an unknown god.
  2209 | D:2      | Found a deep blue altar of Sif Muna.
  2530 | D:2      | Reached XP level 4. HP: 22/22 MP: 8/8
  2557 | D:3      | Found a basalt altar of Yredelemnul.
  3102 | D:3      | Reached skill level 1 in Slings
  3143 | D:3      | Found a stormy altar of Qazlal.
  3151 | D:3      | Reached skill level 5 in Dodging
  3161 | D:3      | Reached XP level 5. HP: 9/25 MP: 10/10
  3615 | D:3      | Found a shattered altar of Ashenzari.
  3758 | D:3      | Reached skill level 6 in Dodging
  4418 | D:4      | Noticed a phantom
  4490 | D:4      | Killed a phantom
  4490 | D:4      | Reached XP level 6. HP: 13/30 MP: 12/12
  5439 | D:4      | Found Haet's Weapon Shoppe.
  5598 | D:4      | Noticed a phantom
  5672 | D:4      | Killed a phantom
  5900 | D:5      | Entered Level 5 of the Dungeon
  5951 | D:5      | Found a snail-covered altar of Cheibriados.
  5965 | D:5      | Found Ajumehez's Food Shop.
  5965 | D:5      | Noticed a hungry ghost
  6008 | D:5      | Killed a hungry ghost
  6008 | D:5      | Reached skill level 7 in Dodging
  6008 | D:5      | Reached XP level 7. HP: 29/33 MP: 14/14
  6037 | D:5      | Bought a bread ration for 60 gold pieces
  6037 | D:5      | Bought 4 fruits for 72 gold pieces
  6037 | D:5      | Bought a bread ration for 60 gold pieces
  6037 | D:5      | Bought a bread ration for 60 gold pieces
  6056 | D:5      | Reached skill level 5 in Slings
  6115 | D:5      | Found Evag's Magic Scroll Emporium.
  6472 | D:5      | Reached skill level 8 in Dodging
  6534 | D:5      | Found a shimmering altar of Xom.
  6592 | D:5      | Reached skill level 5 in Spellcasting
  6592 | D:5      | Reached XP level 8. HP: 24/37 MP: 10/16
  6780 | D:5      | Learned a level 2 spell: Call Imp
  6908 | D:5      | Found Ablom Eto's General Store.
  6917 | D:5      | Bought 2 fruits for 36 gold pieces
  7208 | D:6      | Upgraded the game from 0.17.1-1-g73c8601 to 0.17.1-2-g5865329
  7263 | D:6      | Noticed Menkaure
  7291 | D:6      | Killed Menkaure
  7636 | D:6      | Found a bloodstained altar of Trog.
  7639 | D:6      | Found an ancient bone altar of Kikubaaqudgha.
  7692 | D:6      | Reached skill level 1 in Summonings
  7699 | D:6      | Noticed Duvessa
  7710 | D:6      | Found a shimmering altar of Xom.
  7997 | D:6      | Killed Duvessa
  8001 | D:6      | Noticed Dowan
  8023 | D:6      | Killed Dowan
  8023 | D:6      | Reached skill level 9 in Slings
  8547 | D:7      | Reached XP level 9. HP: 29/41 MP: 14/18
  8754 | D:7      | Noticed SirMumm's ghost (novice DEWz)
  8784 | D:7      | Killed SirMumm's ghost
  8994 | D:7      | Found a staircase to the Ecumenical Temple.
  9341 | D:7      | Reached skill level 10 in Dodging
 10659 | D:8      | Reached skill level 11 in Dodging
 10695 | D:8      | Reached skill level 10 in Slings
 11519 | D:9      | Reached XP level 10. HP: 46/46 MP: 21/21
 11741 | D:9      | Noticed Prince Ribbit
 12197 | D:9      | Killed Prince Ribbit
 12197 | D:9      | Reached skill level 12 in Dodging
 12412 | D:9      | Noticed a komodo dragon
 12440 | D:9      | Killed a komodo dragon
 12468 | D:9      | Noticed a komodo dragon
 12524 | D:9      | Killed a komodo dragon
 12794 | D:9      | Noticed a komodo dragon
 12889 | D:9      | Killed a komodo dragon
 13010 | D:9      | Found a staircase to the Lair.
 13060 | Lair:1   | Entered Level 1 of the Lair of Beasts
 13608 | Lair:1   | Reached skill level 13 in Dodging
 13671 | Lair:1   | Noticed an oklob plant
 14050 | Lair:1   | Reached skill level 14 in Dodging
 14150 | Lair:1   | Noticed an oklob plant
 14881 | Lair:2   | Reached XP level 11. HP: 42/49 MP: 20/22
 16082 | D:10     | Entered Level 10 of the Dungeon
 16468 | D:10     | Noticed Harold
 16497 | D:10     | Killed Harold
 16722 | D:10     | Noticed a hill giant
 17125 | D:10     | Noticed a hill giant
 17134 | D:10     | Killed a hill giant
 18142 | D:11     | Noticed Fannar
 18418 | D:11     | Reached skill level 15 in Dodging
 18568 | D:11     | Noticed a six-headed hydra
 18832 | D:11     | Killed a six-headed hydra
 19018 | D:11     | Reached skill level 15 in Slings
 19182 | D:11     | Found a staircase to the Orcish Mines.
 19229 | D:11     | Noticed an eight-headed hydra
 19300 | D:11     | Killed an eight-headed hydra
 19595 | D:11     | Killed Fannar
 19952 | D:11     | Identified a scroll of acquirement
 20493 | D:11     | Reached XP level 12. HP: 53/53 MP: 23/23
 21137 | D:11     | HP: 2/53 [poisoned by a green ugly thing]
 21728 | D:12     | Reached skill level 16 in Dodging
 22050 | D:12     | Noticed a centaur warrior
 22092 | D:12     | Found a large runed door.
 22094 | D:12     | Found a large runed door.
 22191 | D:12     | Killed a centaur warrior
 22191 | D:12     | Reached skill level 17 in Dodging
 22645 | D:12     | Noticed a stone giant
 22881 | D:11     | Demolished by a phantasmal warrior

Action                   |  1- 3 |  4- 6 |  7- 9 | 10-12 || total
-------------------------+-------+-------+-------+-------++-------
Melee: Dagger            |    72 |   316 |       |       ||   388
       Hand axe          |       |    21 |       |       ||    21
 Fire: Blowgun           |    10 |    32 |    30 |   126 ||   198
       Hunting sling     |     9 |    94 |   678 |  1678 ||  2459
Throw: Throwing net      |     4 |       |       |       ||     4
       Stone             |     3 |       |       |       ||     3
       Tomahawk          |    32 |    34 |     6 |    35 ||   107
 Cast: Call Imp          |       |       |     6 |     1 ||     7
Evoke: Wand              |       |       |     1 |     6 ||     7
  Use: Scroll            |     3 |     1 |    10 |    15 ||    29
       Potion            |     2 |     2 |     4 |     8 ||    16
 Stab: Sleeping          |    16 |     3 |     1 |     1 ||    21
       Held in net/web   |     1 |       |       |       ||     1
       Distracted        |       |     1 |     1 |       ||     2
  Eat: Bread ration      |       |     3 |       |       ||     3
       Royal jelly       |       |     1 |       |       ||     1
       Fruit             |       |       |     7 |     6 ||    13
       Pizza             |       |       |       |     3 ||     3
